 Dungeon Sprint DCSS version 0.21-a0-94-gdd6ab6a (webtiles) character file.

134703 Kidiri the Imperceptible (level 17, -4/178 HPs)
             Began as a Naga Fighter on July 1, 2017.
             Was the Champion of Cheibriados.
             Killed from afar by a starcursed mass (16 damage)
             ... with an accursed screaming
             ... in the Dungeon (Sprint V: "Ziggurat Sprint").
             The game lasted 00:24:14 (2673 turns).

Kidiri the Imperceptible (Naga Fighter)             Turns: 2673, Time: 00:24:15

Health: -4/178     AC: 38    Str: 42    XL:     17   Next: 17%
Magic:  2/39       EV: 25    Int: 27    God:    Cheibriados [******]
Gold:   0          SH: 41    Dex: 41    Spells: 16/16 levels left

rFire    . . .     SeeInvis +   a - +14 obsidian axe {chop, +Fly SInv *Curse} (curse)
rCold    + . .     Gourm    .   L - +18 shield of the Gong {rElec rN+ MR+ EV-5}
rNeg     + . .     Faith    .   c - +15 Maxwell's patent armour {-Cast -Tele rElec MR+ rCorr}
rPois    +         Spirit   .   Y - +1 helmet of Ilerodgh {Str+4 Dex+4}
rElec    +         Reflect  +   (no cloak)
rCorr    +         Harm     .   D - +2 pair of gloves {archery}
MR       ++++.     Clarity  +   (no barding) Stlth ++++......NoTele +
                                b - +2 amulet of reflection
HPRegen  0.39/turn NoCast   +   y - +6 ring of dexterity
MPRegen  0.26/turn              W - ring of Resumed Hostilities {MP+9 Int+4 Dex+4 SInv Stlth-}

@: mesmerised, very slow
A: see invisible, clarity, cold resistance 1, deformed body, dopey 1, poison
resistance, slowness 2, slow metabolism 1, spit poison 1, wild magic 1,
constrict 1, AC +5
a: Spit Poison, Bend Time, Temporal Distortion, Slouch, Step From Time, Renounce
Religion, Evoke Flight


You were in the Dungeon.
You worshipped Cheibriados.
Cheibriados was exalted by your worship.
You were not hungry.

You visited 1 branch

Inventory:

Hand Weapons
 a - the cursed +14 obsidian axe (weapon) {chop, +Fly SInv *Curse}
   (You found it in the Dungeon)

   It inflicts extra damage upon your enemies.
   It lets you see invisible.
   It lets you fly.
   It curses itself when equipped.
   It has a curse placed upon it.
Armour
 c - the +15 Maxwell's patent armour (worn) {-Cast -Tele rElec MR+ rCorr}
   (You found it in the Dungeon)

   It insulates you from electricity.
   It affects your resistance to hostile enchantments.
   It prevents spellcasting.
   It prevents most forms of teleportation.
   It protects you from acid and corrosion.
 D - a +2 pair of gloves of archery (worn)
 L - the +18 shield of the Gong (worn) {rElec rN+ MR+ EV-5}
   (You found it in the Dungeon)

   It affects your evasion (-5).
   It insulates you from electricity.
   It protects you from negative energy.
   It affects your resistance to hostile enchantments.
 P - the +3 warlock's mirror {reflect}
   (You found it in the Dungeon)
 Y - the +1 helmet of Ilerodgh (worn) {Str+4 Dex+4}
   (You found it in the Dungeon)

   It affects your strength (+4).
   It affects your dexterity (+4).
Jewellery
 b - a +2 amulet of reflection (around neck)
 h - the ring of the Peculiar Tales {rN+ Str+2 Stlth+}
   (You took it off a yaktaur in the Dungeon)

   [ring of positive energy]

   It affects your strength (+2).
   It protects you from negative energy.
   It makes you more stealthy.
 j - the amulet of Zior {Faith *Corrode rElec rN++ Dex+2}
   (You found it in the Dungeon)

   [amulet of faith]

   It allows you to gain divine favour quickly.
   It affects your dexterity (+2).
   It insulates you from electricity.
   It greatly protects you from negative energy.
   It may corrode you when you take damage.
 o - the ring "Rihoz" {+Blink rN+ Dex+4}
   (You found it in the Dungeon)

   [ring of dexterity]

   It affects your dexterity (+4).
   It protects you from negative energy.
   It lets you blink.
 y - a +6 ring of dexterity (left hand)
 C - the ring of Qiproll {+Fly rElec rN++ MR+ Int-5}
   (You found it in the Dungeon)

   [ring of flight]

   It affects your intelligence (-5).
   It insulates you from electricity.
   It greatly protects you from negative energy.
   It affects your resistance to hostile enchantments.
   It lets you fly.
 J - the ring of Renimodo {rF+ EV+3 Dex+3}
   (You found it in the Dungeon)

   [ring of evasion]

   It affects your evasion (+3).
   It affects your dexterity (+3).
   It protects you from fire.
 K - the ring "Acotou" {rC+ AC+3}
   (You found it in the Dungeon)

   [ring of protection]

   It affects your AC (+3).
   It protects you from cold.
 Q - the ring "Honadim" {rC+ rN+ MR+++ Int+5}
   (You found it in the Dungeon)

   [ring of positive energy]

   It affects your intelligence (+5).
   It protects you from cold.
   It protects you from negative energy.
   It affects your resistance to hostile enchantments.
 U - the ring of Istit {rN+ SInv}
   (You found it in the Dungeon)

   [ring of see invisible]

   It protects you from negative energy.
   It lets you see invisible.
 W - the ring of Resumed Hostilities (right hand) {MP+9 Int+4 Dex+4 SInv Stlth-}
   (You found it in the Dungeon)

   [ring of magical power]

   It affects your intelligence (+4).
   It affects your dexterity (+4).
   It affects your magic capacity (+9).
   It lets you see invisible.
   It makes you less stealthy.
 Z - the ring "Eleuck" {*Drain rC+ MR+ Str+2 Int+3}
   (You found it in the Dungeon)

   [ring of protection from magic]

   It affects your strength (+2).
   It affects your intelligence (+3).
   It protects you from cold.
   It affects your resistance to hostile enchantments.
   It causes draining when unequipped.
Wands
 F - a wand of disintegration (7/24)
 G - a wand of iceblast (5/15)
 H - a wand of lightning (5/15)
 I - a wand of acid (5/15)
Scrolls
 k - 4 scrolls of blinking
 q - 4 scrolls of amnesia
 r - 3 scrolls of recharging
 s - 7 scrolls of fog
 t - a scroll of holy word
 u - 5 scrolls of identify
 v - 5 scrolls of remove curse
 w - 2 scrolls of fear
 A - 7 scrolls of enchant armour
Potions
 d - 9 potions of might
 e - 10 potions of curing
 g - 18 potions of heal wounds
 i - 5 potions of magic
 l - 2 potions of brilliance
 m - 2 potions of invisibility
 n - 4 potions of resistance
 p - 6 potions of agility
Comestibles
 f - 5 bread rations
 x - 38 fruits
 z - 4 meat rations


   Skills:
 + Level 17.7 Fighting
 + Level 17.7 Axes
 + Level 15.3 Armour
 * Level 20.4 Dodging
 - Level 21.4 Stealth
 * Level 19.8 Shields
 + Level 18.9 Invocations
 + Level 10.7 Evocations


You had 16 spell levels left.
You didn't know any spells.

Dungeon Overview and Level Annotations

Branches:
Dungeon (1/1)

Altars:
Ashenzari
Cheibriados
Dithmenos
Elyvilon
Fedhas
Gozag
Hepliaklqana
Kikubaaqudgha
Makhleb
Nemelex Xobeh
Okawaru
Qazlal
Ru
Sif Muna
Trog
Uskayaw
Vehumet
Wu Jian
Xom
Yredelemnul
Zin
The Shining One
Beogh
Jiyva
Lugonu


Innate Abilities, Weirdness & Mutations

You cannot wear boots.
Your serpentine skin is tough. (AC +5)
You have supernaturally acute eyesight. (SInv)
Armour fits poorly on your strangely shaped body.
Your system is resistant to poisons. (rPois)
You cover ground very slowly.
You have a slow metabolism.
You can spit poison.
You can use your snake-like lower body to constrict enemies.
You possess an exceptional clarity of mind.
Your flesh is cold resistant. (rC+)
You are dopey. (Int -2)
Your spells are a little harder to cast, but a little more powerful.


Message History

You block the eldritch tentacle's attack.
SHROANNG!
The eldritch tentacle claws you!
* * * LOW HITPOINT WARNING * * *
The eldritch tentacle shocks you. You resist.
* * * LOW HITPOINT WARNING * * *
Found thirteen items.
You see here an uncursed staff of power.
You block the eldritch tentacle's attack.
BONNNG!
You block the eldritch tentacle's attack.
PTOANNNG!
A starcursed mass splits. x2
You block the eldritch tentacle's attack.
PTOANNNG!
The eldritch tentacle claws you but does no damage.
A starcursed mass splits.
The starcursed mass engulfs you.
* * * LOW HITPOINT WARNING * * *
A cacophony of accursed wailing tears at your sanity!
You die...

▓▓▓▓▓▓▓▓▓▓▓▓▓▓▓
▓▓▓▓▓▓▓▓
......8©8......
▓......8
.)=[X"[)}))}[).
▓..[:[.)
.[||:X[X.[|))=.
▓..:|:..
.}:X:*|).[|..}.
▓....:|)
...XX│.X.......
▓...)..)
......\........
▓.....).
..†.†.X\...)...
▓.....))
.......@w......
▓......)
.......|.......
▓......)
...............
▓.....).
...............
▓...▓...
...............
▓..▓▓▓..
...▓...)...▓...
▓...▓...
...............
▓.......
...............
.......
...............
▓▓▓▓▓▓▓


You could see 8 starcursed masses and an eldritch tentacle.

Vanquished Creatures
  A pandemonium lord (D)
  An ancient lich (D)
  A bone dragon (D)
  4 liches (D)
  An Ice Fiend (D)
  5 deep elf master archers (D)
  2 tentacled starspawn (D)
  3 deep elf blademasters (D)
  A frost giant (D)
  5 deep elf sorcerers (D)
  2 cacodemons (D)
  A balrug (D)
  A ghoul (D)
  4 reapers (D)
  4 stone giants (D)
  A very ugly thing (D)
  An angel (D)
  A vampire knight (D)
  A deep elf demonologist (D)
  A dire elephant (D)
  4 deep elf annihilators (D)
  A deep elf death mage (D)
  3 blizzard demons (D)
  3 deep elf high priests (D)
  3 ice dragons (D)
  A great orb of eyes (D)
  A rakshasa (D)
  2 centaur warriors (D)
  2 satyrs (D)
  6 two-headed ogres (D)
  A hell hog (D)
  6 dancing weapons (D)
  A vampire mage (D)
  A thrashing horror (D)
  2 spriggan berserkers (D)
  A soul eater (D)
  3 deep elf knights (D)
  2 wretched stars (D)
  2 skeletal warriors (D)
  A sixfirhy (D)
  A necromancer (D)
  A spriggan druid (D)
  A shambling mangrove (D)
  7 deep elf archers (D)
  8 deep elf magi (D)
  3 worldbinders (D)
  4 cyclopes (D)
  2 rust devils (D)
  3 smoke demons (D)
  An orange demon (D)
  A hellion (D)
  3 large abominations (D)
  4 yaktaurs (D)
  4 freezing wraiths (D)
  2 dryads (D)
  5 ice devils (D)
  5 tormentors (D)
  A demonic crawler (D)
  A red devil (D)
  3 ancient zymes (D)
  2 hellwings (D)
  4 merfolk (D)
  2 trolls (D)
  4 hornets (D)
  2 raiju (D)
  6 hippogriffs (D)
  8 small abominations (D)
  2 spriggans (D)
  2 ynoxinuls (D)
  5 shadows (D)
  3 vampires (D)
  3 flying skulls (D)
  5 starcursed masses (D)
  An air elemental (D)
  A yak (shapeshifter) (D)
  7 wraiths (D)
  2 chaos spawn (D)
  A hungry ghost (D)
  A fire bat (D)
  A fire elemental (D)
  An insubstantial wisp (D)
  A naga (D)
  A black bear (D)
  2 eyes of draining (D)
  2 necrophages (D)
  4 ogres (D)
  2 wolves (D)
  6 centaurs (D)
  3 wights (D)
  3 crimson imps (D)
  2 quasits (D)
  An orc priest (D)
  4 orc wizards (D)
  3 iron imps (D)
  A shadow imp (D)
  3 white imps (D)
  3 ufetubi (D)
  A spectral adder (D)
  6 adder skeletons (D)
  5 adder zombies (D)
  4 orcs (D)
  2 spectral bats (D)
  3 bat skeletons (D)
  8 bat zombies (D)
  A ball python (D)
  A ball python skeleton (D)
  A bat simulacrum (D)
  A jackal skeleton (D)
  3 jackal zombies (D)
  4 leopard gecko skeletons (D)
  2 leopard gecko zombies (D)
  A quokka skeleton (D)
  A quokka zombie (D)
  A butterfly (D)
  2 crawling corpses (D)
  A lurking horror (D)
  2 starspawn tentacles (D)
301 creatures vanquished.

Vanquished Creatures (collateral kills)
  A reaper (D)
  A skeletal warrior (D)
  2 deep elf archers (D)
  A deep elf mage (D)
  A vampire (D)
  An orc warrior (D)
  A wight (D)
  3 orc priests (D)
  An orc wizard (D)
  An adder skeleton (D)
  An orc (D)
14 creatures vanquished.

Vanquished Creatures (others)
  A deep elf master archer (D)
  15 acid blobs (D)
  12 azure jellies (D)
  17 death oozes (D)
  2 spatial maelstroms (D)
  Pikel (D)
  A cyclops (D)
  Joseph (D)
  Psyche (D)
  A yaktaur (D)
  A merfolk (D)
  A jumping spider (shapeshifter) (D)
  Grinder (D)
  Eustachio (D)
  Menkaure (D)
  Dowan (D)
  Crazy Yiuf (D)
  Terence (D)
  An ufetubus (D)
  2 starspawn tentacles (D)
63 creatures vanquished.

Grand Total: 378 creatures vanquished

Notes
Turn   | Place    | Note
-------+----------+-------------------------------------------
     0 | D        | Kidiri the Naga Fighter began the quest for the Orb.
     0 | D        | Reached XP level 1. HP: 21/21 MP: 1/1
     0 | D        | Found a deep blue altar of Sif Muna.
     0 | D        | Found a sacrificial altar of Ru.
     0 | D        | Found a bloodstained altar of Trog.
     0 | D        | Found a stormy altar of Qazlal.
     0 | D        | Found an iron altar of Okawaru.
     0 | D        | Found a sparkling altar of Nemelex Xobeh.
     0 | D        | Found a blossoming altar of Fedhas.
     2 | D        | Found a transporter.
     2 | D        | Found an ancient bone altar of Kikubaaqudgha.
     2 | D        | Found a viscous altar of Jiyva.
     2 | D        | Found a corrupted altar of Lugonu.
     2 | D        | Found a hazy altar of Hepliaklqana.
     2 | D        | Found a burning altar of Makhleb.
     2 | D        | Found an opulent altar of Gozag.
     8 | D        | Banished a spatial maelstrom
    10 | D        | Banished a spatial maelstrom
   105 | D        | Became a worshipper of Cheibriados the Contemplative
   172 | D        | Reached skill level 3 in Stealth
   172 | D        | Reached XP level 2. HP: 30/30 MP: 1/3
   175 | D        | Killed a death ooze
   192 | D        | Entered arena 2.
   192 | D        | Noticed a naga
   192 | D        | Found a transporter.
   196 | D        | Killed a naga
   196 | D        | Reached * piety under Cheibriados
   196 | D        | Reached skill level 5 in Stealth
   196 | D        | Reached XP level 3. HP: 38/38 MP: 3/5
   196 | D        | Reached XP level 4. HP: 45/45 MP: 3/6
   196 | D        | Reached XP level 5. HP: 51/51 MP: 3/7
   229 | D        | Entered arena 3.
   229 | D        | Noticed a wolf
   229 | D        | Noticed a black bear
   229 | D        | Noticed a spriggan
   229 | D        | Found a transporter.
   232 | D        | Killed a wolf
   232 | D        | Reached skill level 5 in Fighting
   232 | D        | Reached skill level 6 in Stealth
   233 | D        | Killed a black bear
   233 | D        | Reached ** piety under Cheibriados
   233 | D        | Reached skill level 5 in Axes
   233 | D        | Reached skill level 5 in Dodging
   233 | D        | Reached skill level 7 in Stealth
   233 | D        | Reached XP level 6. HP: 61/61 MP: 7/9
   234 | D        | Killed a spriggan
   234 | D        | Reached skill level 5 in Armour
   234 | D        | Reached skill level 8 in Stealth
   234 | D        | Reached skill level 5 in Shields
   234 | D        | Reached skill level 5 in Invocations
   234 | D        | Reached XP level 7. HP: 66/69 MP: 7/11
   254 | D        | Entered arena 4.
   254 | D        | Noticed a deep elf archer
   254 | D        | Noticed a deep elf archer
   254 | D        | Noticed a deep elf knight
   254 | D        | Noticed a deep elf mage
   254 | D        | Found a transporter.
   259 | D        | Killed a deep elf knight
   259 | D        | Reached skill level 9 in Stealth
   259 | D        | Reached XP level 8. HP: 78/78 MP: 12/12
   260 | D        | Killed a deep elf mage
   260 | D        | Reached *** piety under Cheibriados
   260 | D        | Reached skill level 10 in Stealth
   262 | D        | Killed a deep elf archer
   263 | D        | Killed a deep elf archer
   263 | D        | Reached **** piety under Cheibriados
   263 | D        | Reached XP level 9. HP: 84/87 MP: 12/14
   281 | D        | Got the amulet of Zior {Faith *Corrode rElec rN++ Dex+2}
   296 | D        | Entered arena 5.
   296 | D        | Found a transporter.
   300 | D        | Reached ***** piety under Cheibriados
   305 | D        | Killed Menkaure
   315 | D        | Got the ring "Rihoz" {+Blink rN+ Dex+4}
   383 | D        | Entered arena 6.
   383 | D        | Found a transporter.
   387 | D        | Reached ****** piety under Cheibriados
   388 | D        | Killed Joseph
   391 | D        | Killed a death ooze
   405 | D        | Entered arena 7.
   406 | D        | Found a transporter.
   409 | D        | Reached skill level 11 in Stealth
   438 | D        | Entered arena 8.
   438 | D        | Noticed a merfolk
   438 | D        | Noticed a merfolk
   440 | D        | Killed a merfolk
   440 | D        | Killed a merfolk
   441 | D        | Found a transporter.
   464 | D        | Killed an acid blob
   496 | D        | Entered arena 9.
   496 | D        | Noticed a blizzard demon
   496 | D        | Noticed a lich
   497 | D        | Found a transporter.
   500 | D        | Killed a blizzard demon
   500 | D        | Reached skill level 12 in Stealth
   500 | D        | Reached XP level 10. HP: 76/98 MP: 5/16
   500 | D        | Killed a lich
   500 | D        | Reached skill level 10 in Dodging
   500 | D        | Reached skill level 13 in Stealth
   545 | D        | Killed Psyche
   550 | D        | Killed Dowan
   575 | D        | Killed a death ooze
   584 | D        | Killed an azure jelly
   596 | D        | Entered arena 10.
   596 | D        | Noticed a glaive of chopping
   596 | D        | Noticed a deep elf archer
   596 | D        | Noticed a deep elf mage
   596 | D        | Noticed a deep elf archer
   596 | D        | Noticed a deep elf mage
   596 | D        | Noticed a deep elf archer
   597 | D        | Killed a glaive of chopping
   597 | D        | Reached skill level 10 in Invocations
   597 | D        | Reached XP level 11. HP: 108/108 MP: 18/18
   598 | D        | Killed a deep elf mage
   598 | D        | Killed a deep elf mage
   598 | D        | Killed a deep elf archer
   598 | D        | Reached skill level 10 in Fighting
   598 | D        | Killed a deep elf archer
   598 | D        | Reached skill level 14 in Stealth
   598 | D        | Reached skill level 10 in Shields
   598 | D        | Killed a deep elf archer
   598 | D        | Reached skill level 10 in Axes
   598 | D        | Killed a death ooze
   599 | D        | Found a transporter.
   619 | D        | Killed a death ooze
   624 | D        | Killed an acid blob
   629 | D        | Killed an acid blob
   643 | D        | Killed an azure jelly
   658 | D        | Entered arena 11.
   659 | D        | Found a transporter.
   753 | D        | Entered arena 12.
   753 | D        | Noticed a lich
   753 | D        | Noticed a necromancer
   756 | D        | Found a transporter.
   759 | D        | Killed a necromancer
   760 | D        | Killed a lich
   760 | D        | Reached skill level 15 in Stealth
   760 | D        | Reached XP level 12. HP: 51/118 MP: 15/20
   769 | D        | Killed an azure jelly
   895 | D        | Killed a death ooze
   917 | D        | Killed Grinder
   937 | D        | Killed an acid blob
   944 | D        | Killed Eustachio
   995 | D        | Entered arena 13.
   995 | D        | Noticed a deep elf master archer
   995 | D        | Noticed a deep elf sorcerer
   995 | D        | Noticed a deep elf master archer
   996 | D        | Noticed a deep elf annihilator
   998 | D        | Noticed a deep elf master archer
   998 | D        | Killed a deep elf master archer
   999 | D        | Found a transporter.
  1001 | D        | Killed a deep elf annihilator
  1001 | D        | Reached skill level 16 in Stealth
  1001 | D        | Killed a deep elf master archer
  1001 | D        | Reached skill level 10 in Armour
  1001 | D        | Killed a deep elf sorcerer
  1003 | D        | Killed a deep elf master archer
  1003 | D        | Gained mutation: You can use your snake-like lower body to constrict enemies. [Naga growth]
  1003 | D        | Reached XP level 13. HP: 53/128 MP: 16/22
  1003 | D        | Killed an azure jelly
  1024 | D        | Gained mutation: Your spells are a little harder to cast, but a little more powerful. [mutagenic meat]
  1026 | D        | Gained mutation: You possess an exceptional clarity of mind. [mutagenic meat]
  1027 | D        | Gained mutation: You are dopey. (Int -2) [mutagenic meat]
  1183 | D        | Entered arena 14.
  1186 | D        | Noticed a dire elephant
  1188 | D        | Found a transporter.
  1190 | D        | Reached skill level 17 in Stealth
  1193 | D        | Killed a dire elephant
  1214 | D        | Got the ring of Istit {rN+ SInv}
  1260 | D        | Entered arena 15.
  1263 | D        | Found a transporter.
  1284 | D        | Got the ring of Resumed Hostilities {MP+9 Int+4 Dex+4 SInv Stlth-}
  1298 | D        | Got the +1 helmet of Ilerodgh {Str+4 Dex+4}
  1327 | D        | Killed a death ooze
  1341 | D        | Entered arena 16.
  1342 | D        | Noticed a deep elf master archer
  1342 | D        | Noticed a stone giant
  1344 | D        | Found a transporter.
  1346 | D        | Reached skill level 18 in Stealth
  1347 | D        | Killed a stone giant
  1347 | D        | Killed a deep elf master archer
  1349 | D        | Killed a death ooze
  1352 | D        | Killed Terence
  1357 | D        | Got the ring of the Peculiar Tales {rN+ Str+2 Stlth+}
  1390 | D        | Killed Crazy Yiuf
  1423 | D        | Killed a death ooze
  1459 | D        | Killed an acid blob
  1472 | D        | Entered arena 17.
  1475 | D        | Noticed a reaper
  1475 | D        | Noticed a reaper
  1475 | D        | Noticed a reaper
  1476 | D        | Noticed a lich
  1477 | D        | Found a transporter.
  1479 | D        | Reached skill level 15 in Dodging
  1480 | D        | Killed a reaper
  1480 | D        | Reached XP level 14. HP: 44/141 MP: 22/24
  1480 | D        | Killed a reaper
  1482 | D        | Killed a lich
  1484 | D        | Killed a reaper
  1484 | D        | Reached skill level 19 in Stealth
  1495 | D        | Got the ring "Eleuck" {*Drain rC+ MR+ Str+2 Int+3}
  1548 | D        | Killed an acid blob
  1749 | D        | Entered arena 18.
  1752 | D        | Noticed a frost giant
  1753 | D        | Noticed a stone giant
  1753 | D        | Noticed a stone giant
  1753 | D        | Noticed a stone giant
  1754 | D        | Found a transporter.
  1757 | D        | Killed a stone giant
  1757 | D        | Reached skill level 15 in Shields
  1758 | D        | Killed a frost giant
  1758 | D        | Killed a stone giant
  1758 | D        | Killed a stone giant
  1801 | D        | Killed an acid blob
  1801 | D        | Killed an azure jelly
  1818 | D        | Entered arena 19.
  1823 | D        | Reached skill level 15 in Invocations
  1824 | D        | Reached skill level 20 in Stealth
  1826 | D        | Found a transporter.
  1833 | D        | Killed an acid blob
  1894 | D        | Killed Pikel
  1895 | D        | Killed an azure jelly
  1907 | D        | Killed an acid blob
  1910 | D        | Killed an acid blob
  1942 | D        | Entered arena 20.
  1949 | D        | Noticed a vampire knight
  1951 | D        | Noticed a ghoul
  1952 | D        | Noticed an ancient lich
  1956 | D        | Killed a vampire knight
  1957 | D        | Killed a ghoul
  1958 | D        | Found a transporter.
  1959 | D        | Reached XP level 15. HP: 136/152 MP: 26/26
  1961 | D        | Killed an acid blob
  1966 | D        | Killed an ancient lich
  1967 | D        | Killed an acid blob
  2015 | D        | Entered arena 21.
  2020 | D        | Noticed an Ice Fiend
  2024 | D        | Reached skill level 21 in Stealth
  2026 | D        | Killed an Ice Fiend
  2026 | D        | Reached skill level 15 in Fighting
  2026 | D        | Reached skill level 15 in Axes
  2029 | D        | Found a transporter.
  2037 | D        | Got the ring of Qiproll {+Fly rElec rN++ MR+ Int-5}
  2050 | D        | Got the ring of Renimodo {rF+ EV+3 Dex+3}
  2064 | D        | Killed an azure jelly
  2074 | D        | Killed an azure jelly
  2165 | D        | Killed an acid blob
  2242 | D        | Killed an acid blob
  2286 | D        | Entered arena 22.
  2290 | D        | Noticed a deep elf blademaster
  2291 | D        | Noticed a deep elf master archer
  2291 | D        | Noticed a deep elf sorcerer
  2291 | D        | Noticed a deep elf blademaster
  2291 | D        | Noticed a deep elf sorcerer
  2292 | D        | Reached skill level 1 in Evocations
  2293 | D        | Noticed a deep elf sorcerer
  2293 | D        | Noticed a deep elf blademaster
  2293 | D        | Noticed a deep elf master archer
  2294 | D        | Noticed an Ice Fiend
  2294 | D        | Killed a deep elf sorcerer
  2295 | D        | Killed a deep elf blademaster
  2295 | D        | Killed a deep elf blademaster
  2295 | D        | Killed a deep elf sorcerer
  2295 | D        | Reached skill level 5 in Evocations
  2295 | D        | Reached XP level 16. HP: 149/165 MP: 27/28
  2296 | D        | Killed a deep elf blademaster
  2296 | D        | Killed a deep elf master archer
  2296 | D        | Killed a deep elf master archer
  2320 | D        | Found a transporter.
  2353 | D        | Got the ring "Acotou" {rC+ AC+3}
  2387 | D        | Gained mutation: Your flesh is cold resistant. (rC+) [mutagenic meat]
  2388 | D        | Killed an azure jelly
  2392 | D        | Entered arena 23.
  2398 | D        | Noticed a bone dragon
  2398 | D        | Noticed a tentacled starspawn
  2399 | D        | Noticed a tentacled starspawn
  2405 | D        | Killed a tentacled starspawn
  2410 | D        | Killed a bone dragon
  2410 | D        | Killed a tentacled starspawn
  2411 | D        | Found a transporter.
  2439 | D        | Got the ring "Honadim" {rC+ rN+ MR+++ Int+5}
  2456 | D        | Killed an acid blob
  2522 | D        | Killed an azure jelly
  2605 | D        | Killed an azure jelly
  2647 | D        | Entered arena 24.
  2653 | D        | Noticed Ynwil the pandemonium lord
  2657 | D        | Killed an azure jelly
  2661 | D        | Killed Ynwil the pandemonium lord
  2661 | D        | Reached skill level 15 in Armour
  2661 | D        | Reached skill level 10 in Evocations
  2661 | D        | Reached XP level 17. HP: 94/177 MP: 16/30
  2663 | D        | Noticed a lich
  2666 | D        | Paralysed by accursed screaming for 1 turns
  2667 | D        | Killed a lich
  2673 | D        | Found a transporter.
  2673 | D        | Killed from afar by a starcursed mass

Vault maps used:
D:        sprint_v

Skill      XL: |  1  2  3  4  5  6  7  8  9 10 11 12 13 14 15 16 |
---------------+-------------------------------------------------+-----
Fighting       | 4 5 6 7 8 9 10 11 13 14 15 17 | 17.7
Axes           | 3 4 5 6 7 8 9 10 11 13 14 15 17 | 17.7
Armour         | 3 4 5 6 7 8 9 10 11 12 13 15 | 15.3
Dodging        | 2 4 5 6 7 8 9 10 12 13 15 16 18 20 | 20.4
Stealth        | 3 5 7 8 9 10 12 13 15 16 18 20 21 | 21.4
Shields        | 3 4 5 6 8 9 11 12 14 15 17 19 | 19.8
Invocations    | 2 3 4 5 6 7 9 10 11 12 13 15 16 18 | 18.9
Evocations     | 5 10 | 10.7

Action                   |  1- 3 |  4- 6 |  7- 9 | 10-12 | 13-15 | 16-18 || total
-------------------------+-------+-------+-------+-------+-------+-------++-------
Melee: Broad axe         |     2 |     4 |    11 |     5 |    35 |    11 ||    68
       Constrict         |       |       |       |       |     5 |       ||     5
Invok: Slouch            |       |       |     5 |     9 |    26 |    17 ||    57
 Abil: Spit Poison       |     1 |       |     1 |       |       |       ||     2
  Use: Potion            |     1 |       |       |     1 |       |     1 ||     3
       Scroll            |       |       |       |       |     1 |       ||     1
 Stab: Distracted        |       |       |     1 |     1 |     3 |       ||     5
  Eat: Chunk             |       |       |       |       |     6 |     2 ||     8
       Fruit             |       |       |       |       |     4 |       ||     4
       Royal jelly       |       |       |       |       |     3 |       ||     3
Armor: Plate armour      |       |     6 |     9 |     9 |    46 |     5 ||    75
Dodge: Dodged            |       |     1 |     1 |    15 |    95 |     4 ||   116
Block: Shield            |     4 |     8 |    25 |       |    11 |    41 ||    89
       Buckler           |       |       |     1 |    12 |    74 |       ||    87
       Reflection        |       |       |     1 |     6 |    11 |     2 ||    20
